 Dungeon Crawl Stone Soup version 0.30.0-29-ga12c61a403 (webtiles) character file.

Game seed: 6437107241483489894

262 Nicoed the Conjurer (level 5, -3/28 HPs)
             Began as a Deep Elf Conjurer on June 7, 2023.
             Slain by a wyvern (14 damage)
             ... on level 4 of the Dungeon.
             The game lasted 00:05:26 (3519 turns).

Nicoed the Conjurer (Deep Elf Conjurer)             Turns: 3519, Time: 00:05:27

Health: -3/28      AC:  7    Str:  4    XL:     5   Next: 97%
Magic:  1/14       EV: 12    Int: 25    God:
Gold:   151        SH:  0    Dex: 13    Spells: 4/14 levels left

rFire   . . .        (no weapon)
rCold   . . .        (no shield)
rNeg    . . .        a - +0 robe
rPois   .            g - +0 helmet
rElec   .            x - +0 cloak {Will+}
rCorr   .            (no gloves)
SInv    .            n - +2 pair of boots
Will    +....        (no amulet)
Stlth   ++           (no ring)
HPRegen 0.24/turn    (no ring)
MPRegen 0.14/turn

%: no passive effects
@: very slightly contaminated
A: no striking features
a: no special abilities


You were on level 4 of the Dungeon.
You visited 2 branches of the dungeon, and saw 5 of its levels.

You collected 151 gold pieces.

Inventory:

Armour
 a - a +0 robe (worn)
 g - a +0 helmet (worn)
 h - a scarf of invisibility
 n - a +2 pair of boots (worn)
 x - a +0 cloak of willpower (worn)
Jewellery
 f - a ring of fire
 u - an amulet of reflection
Wands
 m - a wand of iceblast (7)
 w - a wand of flame (18)
Scrolls
 d - a scroll of acquirement {unknown}
 j - a scroll of torment {unknown}
 k - 3 scrolls of identify {unknown}
 o - 2 scrolls of teleportation {unknown}
 r - a scroll of silence {unknown}
 t - a scroll of enchant armour {unknown}
 y - a scroll of amnesia {unknown}
Potions
 b - a potion of magic
 c - 2 potions of flight {unknown}
 e - 2 potions of attraction {unknown}
 i - a potion of curing {unknown}
 l - a potion of heal wounds
 p - 2 potions of might {unknown}
 q - a potion of lignification {unknown}
 s - a potion of cancellation {unknown}
 v - 2 potions of haste {unknown}


   Skills:
 - Level 3.0 Dodging
 - Level 3.0 Stealth
 + Level 5.1 Spellcasting
 * Level 6.7 Conjurations


You had 4 spell levels left.
You knew the following spells:

 Your Spells              Type           Power      Damage    Failure   Level
a - Magic Dart            Conj           100%       1d8       1%          1
b - Searing Ray           Conj           80%        2d7       1%          2
c - Hailstorm             Conj/Ice       23%        3d7       6%          3
d - Iskenderun's Mystic   Conj/Tloc      23%        2d6       21%         4

Your spell library contained the following spells:

 Spells                   Type           Power      Damage    Failure   Level
 Dazzling Flash           Conj/Hex       46%        N/A       6%          3
 Freeze                   Ice            24%        1d4       9%          1
 Sublimation of Blood     Necr           6%         N/A       12%         2
 Fulminant Prism          Conj/Hex       11%        3d9       21%         4
 Call Canine Familiar     Summ           6%         N/A       24%         3
 Frozen Ramparts          Ice            12%        1d2       24%         3
 Portal Projectile        Hex/Tloc       12%        N/A       24%         3
 Leda's Liquefaction      Hex/Erth       3%         N/A       63%         4
 Petrify                  Tmut/Erth      6%         N/A       63%         4
 Irradiate                Conj/Tmut      11%        3d15      50%         5


Dungeon Overview and Level Annotations

Branches:
Dungeon (4/15)             Temple (1/1) D:4

Altars:
Ashenzari
Cheibriados
Elyvilon
Gozag
Hepliaklqana
Kikubaaqudgha
Nemelex Xobeh
Okawaru
Qazlal
Sif Muna
Trog
Uskayaw
Wu Jian
Xom
Yredelemnul
The Shining One

Shops:
D:3 (


Message History

The magic dart hits the wyvern but does no damage.
The wyvern is lightly wounded.
Casting: Magic Dart (safe; 1% risk of failure)
Confirm with . or Enter, or press ? or * to list all spells.
Aiming: Searing Ray (safe; 1% risk of failure)
Press: ? - help, Shift-Dir - straight line, f/p - wyvern
Aim: a wyvern (lightly wounded, 82% to hit)
The searing ray hits the wyvern!
The wyvern is heavily wounded. (Press . to maintain the ray.)
A kobold comes into view. It is wielding a +0 whip.
The searing ray hits the wyvern.
The wyvern is severely wounded.
The wyvern misses you.
The searing ray hits the wyvern.
The wyvern is almost dead.
The wyvern bites you but does no damage.
The searing ray hits the wyvern but does no damage.
The wyvern is almost dead.
You finish channelling your searing ray.
The wyvern bites you!
The wyvern bites you but does no damage.
Casting: Searing Ray (safe; 1% risk of failure)
Confirm with . or Enter, or press ? or * to list all spells.
The spell is extremely dangerous to miscast (21% risk of failure)!
Continue anyway?
You miscast Iskenderun's Mystic Blast.
You are very lightly contaminated with residual magic.
Nothing appears to happen.
The kobold shouts!
The wyvern closely misses you.
A quokka comes into view.
Unknown command.
Unknown command.
The wyvern hisses menacingly.
The wyvern bites you. The wyvern attacks as you move away!
The wyvern bites you! The wyvern closely misses you. The wyvern bites you!
Ouch! That really hurt!
You die...

....r .... . ## ... ^## #. ..#
..# .. #.#.. ####.# ....##...
..#.# #.#.# ####.)...# #.#.#
..#.#
.....###.#########<#.#####<...
#.....K..l@.............>..
#####.####.###.##.##.##..#
#....†........##.#...#
#######.....#####.....#
#..#..........#.......##
##.#.######...#..###.... #...#
##....#.## #....
#.######.......# #...#
#.....##.#.#.### #..#.


You could see a wyvern and a kobold.

Vanquished Creatures
  Crazy Yiuf (D:3)
  An iguana (D:3)
  6 adders
  8 gnolls
  A worm (D:2)
  2 dart slugs
  An orc (D:4)
  7 endoplasms
  3 giant cockroaches
  5 goblins
  7 hobgoblins
  4 jackals (D:3)
  A quokka (D:4)
  7 ball pythons
  4 bats
  4 frilled lizards
  6 kobolds
  8 rats
76 creatures vanquished.

Notes
Turn   | Place    | Note
-------+----------+-------------------------------------------
     0 | D:1      | Nicoed the Deep Elf Conjurer began the quest for the Orb.
     0 | D:1      | Reached XP level 1. HP: 10/10 MP: 6/6
   198 | D:1      | Reached XP level 2. HP: 15/15 MP: 2/8
   994 | D:1      | Learned a level 2 spell: Searing Ray
  1033 | D:2      | Reached XP level 3. HP: 19/19 MP: 3/9
  1170 | D:2      | Reached skill level 5 in Conjurations
  1257 | D:2      | Reached XP level 4. HP: 19/24 MP: 3/12
  1991 | D:3      | Learned a level 3 spell: Hailstorm
  1996 | D:3      | Learned a level 4 spell: Iskenderun's Mystic Blast
  2374 | D:3      | Reached skill level 6 in Conjurations
  2374 | D:3      | Reached XP level 5. HP: 21/28 MP: 7/13
  2612 | D:3      | Found a faded altar of an unknown god.
  2691 | D:3      | Found a snail-covered altar of Cheibriados.
  2703 | D:3      | Reached skill level 5 in Spellcasting
  2927 | D:3      | Found Deso's Weapon Emporium.
  3197 | D:3      | Found a runed translucent door.
  3198 | D:3      | Noticed Crazy Yiuf
  3206 | D:3      | Killed Crazy Yiuf
  3386 | D:4      | Found a staircase to the Ecumenical Temple.
  3405 | Temple   | Entered the Ecumenical Temple
  3507 | D:4      | Noticed a wyvern
  3519 | D:4      | Slain by a wyvern

Illustrated notes

Levels and vault maps discovered:
D:1:      mrwooster_arrival_arrow, layout_loops_ring, minmay_pentomino_t2
D:2:      layout_basic, minmay_tall_x
D:3:      layout_loops_corners, kennysheep_slug_shrine,
          ebering_ecumenical_altar_box, serial_shops, shop,
          uniq_crazy_yiuf_cottage
D:4:      layout_basic, minmay_temple_entry_mini_moons, roderic_malta_cross
Temple:   minmay_freezing_vapour_temple

Skill      XL: |  1  2  3  4  5 |
---------------+----------------+-----
Stealth        | 3 |  3.0
Dodging        | 3 |  3.0
Conjurations   | 5 6 |  6.7
Spellcasting   | 4 5 |  5.1

Action                     |  1- 3 |  4- 6 || total
---------------------------+-------+-------++-------
  Melee: Unarmed           |       |     6 ||     6
   Cast: Magic Dart        |    51 |    90 ||   141
         Searing Ray       |     2 |     5 ||     7
         Iskenderun's Myst |       |     1 ||     1
 Armour: Robe              |       |     3 ||     3
  Dodge: Dodged            |     5 |     6 ||    11
